 Dungeon Crawl Stone Soup version 0.28.0-53-g5a82cb258f (webtiles) character file.

Game seed: 8208362088240334228

820 Zeld the Skirmisher (level 7, -7/66 HPs)
             Began as a Minotaur Berserker on June 9, 2022.
             Was a Priest of Trog.
             Killed from afar by an orc wizard (11 damage)
             ... with a puff of flame
             ... on level 5 of the Dungeon.
             The game lasted 00:03:09 (4517 turns).

Zeld the Skirmisher (Minotaur Berserker)            Turns: 4517, Time: 00:03:10

Health: -7/66      AC:  7    Str: 30    XL:     7   Next: 63%
Magic:  6/6        EV: 11    Int:  4    God:    Trog [***...]
Gold:   202        SH:  0    Dex:  9    Spells: 6/6 levels left

rFire   . . .      SeeInvis .   a - +2 war axe (venom)
rCold   . . .      Faith    .   (no shield)
rNeg    . . .      Spirit   .   h - +0 scale mail of Niula {rPois}
rPois   +          Reflect  .   (helmet restricted)
rElec   .          Harm     .   (no cloak)
rCorr   .          Rampage  .   (no gloves)
Will    ++...                   (no boots)
Stlth   ..........              (no amulet)
HPRegen 1.21/turn               c - +6 ring of strength
MPRegen 0.10/turn               (no ring)

@: strong-willed (expiring), on berserk cooldown, regenerating (expiring),
slowed, very slow
A: horns 2, retaliatory headbutt
a: Renounce Religion, Berserk, Trog's Hand


You were on level 5 of the Dungeon.
You worshipped Trog.
Trog was most pleased with you.
You visited 1 branch of the dungeon, and saw 5 of its levels.

You collected 202 gold pieces.

Inventory:

Hand Weapons
 a - a +2 war axe of venom (weapon)
Armour
 h - the +0 scale mail of Niula (worn) {rPois}
   (You found it on level 2 of the Dungeon)

   rPois:     It protects you from poison.
 l - the +1 pair of boots "Forget-Me-Not" {+Blink rN++ Int-4}
   (You found it on level 3 of the Dungeon)

   Int:       It affects your intelligence (-4).
   rN:        It greatly protects you from negative energy.
   +Blink:    It lets you blink.
Jewellery
 c - a +6 ring of strength (left hand)
Scrolls
 d - a scroll of holy word {unknown}
 g - 4 scrolls of identify {unknown}
 i - a scroll of enchant weapon {unknown}
 m - a scroll of teleportation {unknown}
 p - a scroll of fog {unknown}
 q - a scroll of noise {unknown}
Potions
 b - 2 potions of mutation {unknown}
 e - a potion of degeneration {unknown}
 f - 2 potions of brilliance {unknown}
 j - 2 potions of lignification {unknown}
 k - a potion of curing {unknown}
 n - 2 potions of heal wounds {unknown}
 o - a potion of attraction {unknown}


   Skills:
 * Level 7.0 Fighting
 * Level 7.0 Axes
 + Level 4.7 Armour
 + Level 4.2 Dodging


You had 6 spell levels left.
You didn't know any spells.
Your spell library was empty.

Dungeon Overview and Level Annotations

Branches:
Dungeon (5/15)
 Temple: D:4-7

Altars:
Zin


Innate Abilities, Weirdness & Mutations

You have a pair of horns on your head.
You reflexively headbutt those who attack you in melee.


Message History

You kill Dowan!
Trog accepts your kill.
Trog appreciates your killing of a magic user.
An orc comes into view. It is wielding a +0 trident.
Your Fighting skill increases to level 7!
Your Axes skill increases to level 7!
You are no longer berserk.
You are exhausted.
You feel yourself slow down.
The sentinel's mark upon you fades away.
You aren't carrying any items that you can evoke.
Unknown command.
Your skin crawls.
You feel strong-willed.
You completely miss the orc wizard. Your headbutt misses the orc wizard.
The orc wizard hits you but does no damage.
The orc hits you from afar with a +0 trident.
You hit the orc wizard.
The orc wizard is lightly wounded.
The orc wizard casts a spell at you. The puff of flame hits you.
* * * LOW HITPOINT WARNING * * *
The orc hits you from afar with a +0 trident.
* * * LOW HITPOINT WARNING * * *
The orc wizard closely misses you.
You slash the orc wizard!
The orc wizard is poisoned.
You headbutt the orc wizard.
The orc wizard is almost dead.
The orc closely misses you.
The orc wizard points at you and mumbles some strange words.
The puff of flame hits you!
* * * LOW HITPOINT WARNING * * *
The orc misses you. The orc wizard casts a spell at you.
The magic dart hits you.
* * * LOW HITPOINT WARNING * * *
You feel the effects of Trog's Hand fading.
The orc wizard gestures at you while chanting.
The puff of flame hits you!
You die...

....
####...................
....
...........###.........
..[.
............##.........
....
.....#....###........
....
#...##....##........
.... #..###...##...oo...
.... #..oo..)..#....??..
....
##..##.......†...... ...
#..@###.....).......
........# #.....#)......
.................#......
........................
##..##..................
#.. .................#.
#. .#................. .
.....#..............
.......$..#...


You could see an orc wizard (very poisoned).

Vanquished Creatures
  Duvessa (D:5)
  An ice beast (D:5)
  A black bear (D:5)
  Dowan (D:5)
  The ghost of Sin92 the Skirmisher, a weakling DsFi (D:3)
  A howler monkey (D:2)
  An orc priest (D:4)
  2 gnoll shamans
  2 iguanas
  An orc wizard (D:5)
  6 adders
  8 gnolls
  An ufetubus (D:5)
  An adder skeleton (D:4)
  4 worms
  2 dart slugs
  13 orcs
  3 ball pythons
  3 endoplasms
  5 giant cockroaches
  7 goblins
  6 hobgoblins
  3 jackals (D:2)
  3 quokkas
  6 bats
  3 frilled lizards
  7 kobolds
  4 rats
97 creatures vanquished.

Vanquished Creatures (others)
  5 plants (D:3)
5 creatures vanquished.

Grand Total: 102 creatures vanquished

Notes
Turn   | Place    | Note
-------+----------+-------------------------------------------
     0 | D:1      | Zeld the Minotaur Berserker began the quest for the Orb.
     0 | D:1      | Reached XP level 1. HP: 19/19 MP: 0/0
    77 | D:1      | Found a faded altar of an unknown god.
   215 | D:1      | Reached XP level 2. HP: 21/27 MP: 1/1
   871 | D:2      | Reached ** piety under Trog
   910 | D:2      | Reached XP level 3. HP: 11/33 MP: 2/2
  1378 | D:2      | Reached XP level 4. HP: 22/41 MP: 3/3
  1383 | D:2      | Identified the +0 scale mail of Niula {rPois}
  1881 | D:3      | Found a runed translucent door.
  1900 | D:3      | Noticed Sin92's ghost (weakling DsFi)
  2167 | D:3      | Found a runed translucent door.
  2283 | D:3      | Found a glowing silver altar of Zin.
  2559 | D:3      | Reached skill level 5 in Axes
  2559 | D:3      | Reached XP level 5. HP: 44/47 MP: 4/4
  2748 | D:3      | Killed Sin92's ghost
  2749 | D:3      | Reached skill level 5 in Fighting
  2786 | D:3      | Identified the +1 pair of boots "Forget-Me-Not" {+Blink
                  | rN++ Int-4}
  3181 | D:4      | Reached *** piety under Trog
  3187 | D:4      | Reached XP level 6. HP: 6/56 MP: 5/5
  3947 | D:5      | Entered Level 5 of the Dungeon
  4476 | D:5      | Noticed Dowan
  4478 | D:5      | Noticed Duvessa
  4483 | D:5      | Noticed an ice beast
  4493 | D:5      | Killed Duvessa
  4494 | D:5      | Reached XP level 7. HP: 50/63 MP: 6/6
  4505 | D:5      | Killed Dowan
  4516 | D:5      | HP: 2/66 [orc wizard/magic dart (6)]
  4517 | D:5      | Killed from afar by an orc wizard

Illustrated notes

Levels and vault maps discovered:
D:1:      amcnicky_arrival_feature_with_door, layout_rooms,
          basic_ecumenical_altar, kennysheep_decorative_pillar,
          corexii_leaking_fountain
D:2:      minmay_general_purpose_star, layout_basic
D:3:      layout_basic, zin_statuary, ebering_ghost_sewer_f, kennysheep_doodads,
          chequers_big_river
D:4:      layout_cave_pools
D:5:      layout_layer_cave, nicolae_elevator_lobby_plus, uniq_duvessa

Skill      XL: |  1  2  3  4  5  6  7 |
---------------+----------------------+-----
Axes           | 4 5 6 7 |  7.0
Fighting       | 4 5 6 7 |  7.0
Armour         | 3 4 |  4.7
Dodging        | 3 4 |  4.2

Action                   |  1- 3 |  4- 6 |  7- 9 || total
-------------------------+-------+-------+-------++-------
Melee: Hand axe          |    64 |    20 |       ||    84
       Headbutt          |     4 |     7 |     3 ||    14
       Punch             |     1 |     2 |       ||     3
       War axe           |       |    73 |    11 ||    84
Invok: Berserk           |       |     3 |       ||     3
       Trog's Hand       |       |       |     1 ||     1
 Stab: Distracted        |       |     1 |       ||     1
Armor: Animal skin       |     8 |       |       ||     8
       Scale mail        |       |    33 |    10 ||    43
Dodge: Dodged            |    45 |    61 |    12 ||   118
